[Event "Titled Tuesday Blitz March 01 Early 2022"]
[White "Rangel, Daniel"]
[Black "Volkov, Maksim"]
[WhiteFideId "2124475"]
[BlackFideId "54123070"]
[WhiteElo "2187"]
[BlackElo "2081"]
[Result "1-0"]
[Round "07"]
[TimeControl "180+1"]
[Date "2022.03.01"]
[WhiteClock "0:00:06"]
[BlackClock "0:00:15"]

1. e4 c5 2. Nf3 d6 3. Bb5+ Nd7 4. O-O a6 5. Bd3 g6 6. c3 Bg7 7. Bc2 Ngf6 8. d4 cxd4 9. cxd4 O-O 10. Nc3 b5 11. e5 Ng4 12. h3 Nh6 13. Qe2 b4 14. Nd5 dxe5 15. dxe5 Nxe5 16. Rd1 Nxf3+ 17. Qxf3 Bb7 18. Nf6+ exf6 19. Qxb7 Qc8 20. Qxc8 Raxc8 21. Bb3 Nf5 22. Bf4 Rfd8 23. Rac1 Kf8 24. Rxc8 Rxc8 25. Rd7 Nh6 26. Bxh6 Bxh6 27. Rxf7+ Ke8 28. Rxh7 Rc1+ 29. Kh2 Bf4+ 30. g3 Be5 31. Ra7 Bxb2 32. Rxa6 Bd4 33. Kg2 Rb1 34. f4 Rg1+ 35. Kf3 f5 36. g4 Rf1+ 37. Kg3 Be3 38. Rxg6 fxg4 39. hxg4 Bxf4+ 40. Kg2 Rb1 41. g5 Kf8 42. Rf6+ Kg7 43. Rxf4 Rc1 44. Rxb4 Kg6 45. Rb5 Rc7 46. a4 Rc1 47. a5 Ra1 48. Kf3 Ra3 49. Kg4 Ra1 50. Rb6+ Kg7 51. a6 Rg1+ 52. Kf5 Rf1+ 53. Ke5 Re1+ 54. Kd6 Rb1 55. Kc7 Ra1 56. Kb7 Ra3 57. a7 Rxa7+ 58. Kxa7 Kf8 59. Ka6 Kg7 60. Kb5 Kf8 61. Rb7 Ke8 62. Kc6 Kf8 63. Kd6 Ke8 64. Be6 Kf8 65. g6 1-0


[Site "https://www.chess.com"]

[Event "Titled Tuesday Blitz March 01 Early 2022"]
[White "Reprintsev, Alexander"]
[Black "Fus, Jakub"]
[WhiteFideId "14100541"]
[BlackFideId "1193023"]
[WhiteElo "2126"]
[BlackElo "2111"]
[Result "1/2-1/2"]
[Round "07"]
[TimeControl "180+1"]
[Date "2022.03.01"]
[WhiteClock "0:00:13"]
[BlackClock "0:00:09"]

1. e4 c6 2. b3 d5 3. Qe2 dxe4 4. Nc3 Nf6 5. Nxe4 Nxe4 6. Qxe4 Qd5 7. Qe3 Bf5 8. Bb2 e6 9. O-O-O a5 10. Nf3 a4 11. Bc4 Qe4 12. Qxe4 Bxe4 13. Rhe1 Bxf3 14. gxf3 Rg8 15. f4 g6 16. h4 h5 17. Be2 Bg7 18. f5 Bxb2+ 19. Kxb2 gxf5 20. Bxh5 Ke7 21. Bf3 Nd7 22. d4 Nf6 23. c4 axb3 24. axb3 Rh8 25. Rh1 Rad8 26. Kc3 Nh5 27. Rde1 Kf6 28. b4 Nf4 29. Rd1 Ng6 30. h5 Nf4 31. Kb3 Kg5 32. Rhg1+ Kh6 33. Rh1 Rd7 34. Rh4 Kg5 35. Rh2 Kh6 36. Rh4 Kg5 37. Rh2 Rhd8 38. h6 Rh8 39. Kc3 Kf6 40. Ra1 Ng6 41. Rd1 Rh7 42. d5 cxd5 43. cxd5 e5 44. Be2 Nf4 45. Bc4 Rh8 46. Kb3 e4 47. d6 Ke5 48. Rh4 Ng6 49. Rh5 Rxd6 50. Rxd6 Kxd6 51. Rxf5 Rxh6 52. Rxf7 Ne5 53. Rg7 Rh3+ 54. Rg3 Rxg3+ 55. fxg3 Ng4 56. Be2 Nf6 57. g4 Kd5 58. g5 Ng8 59. Ka4 Kd4 60. Kb5 Ne7 61. Kb6 Ke3 62. Bc4 Kf4 63. Kxb7 Kxg5 64. b5 e3 65. b6 Nd5 66. Kc6 Nxb6 67. Kxb6 Kf4 68. Bb5 Kf3 69. Bc4 Kf2 70. Bb5 Ke1 71. Ba6 Kd2 72. Bb5 e2 73. Bxe2 1/2-1/2


[Site "https://www.chess.com"]

[Event "Titled Tuesday Blitz March 01 Early 2022"]
[White "Risteski, Emil"]
[Black "Kosakowski, Jakub"]
[WhiteFideId "15005267"]
[BlackFideId "1185080"]
[WhiteElo "2070"]
[BlackElo "2476"]
[Result "1-0"]
[Round "07"]
[TimeControl "180+1"]
[Date "2022.03.01"]
[WhiteClock "0:01:12"]
[BlackClock "0:01:24"]

1. e4 b6 2. d4 Bb7 3. Bd3 g6 4. h4 Bg7 5. c3 d6 6. h5 Nd7 7. Qe2 e6 8. Nf3 Ne7 9. h6 Bf8 10. Na3 a6 11. Nc2 c5 12. Bg5 f6 13. Bh4 Kf7 14. Bg3 e5 15. Bc4+ Ke8 16. dxe5 Nxe5 17. Nxe5 fxe5 18. O-O-O Qc7 19. f4 b5 20. Be6 Bc8 21. Bxc8 Nxc8 22. fxe5 dxe5 23. Ne3 Nb6 24. Nd5 Nxd5 25. Rxd5 Bd6 26. Qg4 Qe7 27. Rhd1 1-0


[Site "https://www.chess.com"]

[Event "Titled Tuesday Blitz March 01 Early 2022"]
[White "Rodchenkov, Sergey D."]
[Black "Pasti, Aron"]
[WhiteFideId "4168712"]
[BlackFideId "785857"]
[WhiteElo "2306"]
[BlackElo "2080"]
[Result "1-0"]
[Round "07"]
[TimeControl "180+1"]
[Date "2022.03.01"]
[WhiteClock "0:00:56"]
[BlackClock "0:01:07"]

1. e4 e5 2. Nf3 Nc6 3. Bc4 Nf6 4. d3 Be7 5. O-O d6 6. a4 O-O 7. a5 Bg4 8. h3 Bh5 9. Nbd2 Qd7 10. a6 Rab8 11. axb7 Rxb7 12. Re1 Nd4 13. c3 Nxf3+ 14. Nxf3 c6 15. Kh2 Qc7 16. g4 Nxg4+ 17. hxg4 Bxg4 18. Kg3 Bh5 19. Rh1 g6 20. Bh6 d5 21. Bxf8 Bxf8 22. Ba2 dxe4 23. dxe4 Rxb2 24. Rxh5 gxh5 25. Ng5 Qe7 26. Qxh5 h6 27. Qg6+ Bg7 28. Bxf7+ Kh8 29. Qh7# 1-0


[Site "https://www.chess.com"]

[Event "Titled Tuesday Blitz March 01 Early 2022"]
[White "Romanchuk, Viktor"]
[Black "Vifleemskaia, Svetlana"]
[WhiteFideId "14109271"]
[BlackFideId "4129490"]
[WhiteElo "2242"]
[BlackElo "1901"]
[Result "1-0"]
[Round "07"]
[TimeControl "180+1"]
[Date "2022.03.01"]
[WhiteClock "0:01:21"]
[BlackClock "0:00:25"]

1. d4 Nf6 2. c4 e6 3. Nc3 Bb4 4. e3 O-O 5. Ne2 b6 6. a3 Bxc3+ 7. Nxc3 Bb7 8. d5 exd5 9. cxd5 Qe7 10. Be2 Qc5 11. O-O Nxd5 12. Bd2 Nxc3 13. Bxc3 d6 14. Rc1 Qg5 15. Bf3 Bxf3 16. Qxf3 d5 17. h4 Qxh4 18. Qxd5 c6 19. Qe5 Qh6 20. Rfd1 Na6 21. Rd4 Rae8 22. Qf5 Qe6 23. Qxe6 fxe6 24. Rd7 Rf7 25. Rcd1 Nc5 26. R7d6 Rc7 27. Be5 Kf8 28. b4 Ne4 29. R6d4 1-0


[Site "https://www.chess.com"]

[Event "Titled Tuesday Blitz March 01 Early 2022"]
[White "Rozhkov, Viacheslav"]
[Black "Sahin, Handenur"]
[WhiteFideId "4181484"]
[BlackFideId "6334865"]
[WhiteElo "2324"]
[BlackElo "2202"]
[Result "1-0"]
[Round "07"]
[TimeControl "180+1"]
[Date "2022.03.01"]
[WhiteClock "0:01:20"]
[BlackClock "0:00:58"]

1. e4 e5 2. Nf3 Nc6 3. d4 exd4 4. Bc4 Nf6 5. e5 d5 6. Bb5 Ne4 7. Nxd4 Bd7 8. Bxc6 bxc6 9. O-O c5 10. Nb3 Bc6 11. f3 Ng5 12. Na5 Bb5 13. c4 Bd7 14. f4 Ne6 15. cxd5 Nd4 16. Nc3 c6 17. dxc6 Nxc6 18. Nb7 Qb6 19. Nd6+ Bxd6 20. Qxd6 c4+ 21. Kh1 Rd8 22. Nd5 Qb8 23. Nc7+ 1-0


[Site "https://www.chess.com"]

[Event "Titled Tuesday Blitz March 01 Early 2022"]
[White "Rudzinska, Michalina"]
[Black "Desideri, Ricardo Maruchi"]
[WhiteFideId "1172883"]
[BlackFideId "2110440"]
[WhiteElo "1904"]
[BlackElo "1945"]
[Result "1-0"]
[Round "07"]
[TimeControl "180+1"]
[Date "2022.03.01"]
[WhiteClock "0:02:19"]
[BlackClock "0:00:01"]

1. e4 c5 2. Nf3 d6 3. d4 cxd4 4. Nxd4 Nf6 5. Nc3 a6 6. Bg5 Nbd7 7. Bc4 Qc7 8. Bb3 g6 9. Qd2 Bg7 10. O-O-O h6 11. Be3 e5 12. Nde2 Nc5 13. f3 Nxb3+ 14. axb3 d5 15. exd5 Qd6 16. Ne4 Nxe4 17. fxe4 g5 18. h4 g4 19. c4 b6 20. Nc3 O-O 21. Na4 Rb8 22. c5 1-0


[Site "https://www.chess.com"]

[Event "Titled Tuesday Blitz March 01 Early 2022"]
[White "Rustemov, Alexander"]
[Black "Nazari, Arad"]
[WhiteFideId "4119002"]
[BlackFideId "12577324"]
[WhiteElo "2801"]
[BlackElo "2120"]
[Result "1/2-1/2"]
[Round "07"]
[TimeControl "180+1"]
[Date "2022.03.01"]
[WhiteClock "0:00:08"]
[BlackClock "0:00:04"]

1. d4 Nf6 2. c4 g6 3. Nf3 Bg7 4. g3 O-O 5. Bg2 c6 6. Nc3 d5 7. Qb3 dxc4 8. Qxc4 Be6 9. Qa4 b5 10. Qd1 Nbd7 11. O-O Nb6 12. Ne5 Nfd5 13. Nxc6 Qc7 14. Nxd5 Bxd5 15. Bxd5 Nxd5 16. Ne5 Bxe5 17. dxe5 Qxe5 18. Bh6 Rfd8 19. Qd2 Nf6 20. Qe3 Qxe3 21. Bxe3 Ng4 22. Bc5 Rd2 23. e4 Rxb2 24. Rfd1 Rc2 25. h3 Rxc5 26. hxg4 Rac8 27. Rd7 R8c7 28. Rad1 f6 29. Kg2 a5 30. Rxc7 Rxc7 31. Rd8+ Kf7 32. Rb8 Rc2 33. Rxb5 Rxa2 34. g5 a4 35. gxf6 Kxf6 36. Ra5 Ra1 37. f4 a3 38. Ra6+ Kf7 39. Ra7 h6 40. Ra6 Ra2+ 41. Kf3 Ra1 42. Kg2 Kg7 43. Kh2 g5 44. fxg5 hxg5 45. Kh3 Re1 46. Kg4 Rxe4+ 47. Kxg5 Re3 48. Kf4 Rb3 49. g4 Kf7 50. g5 Rb4+ 51. Kf5 e6+ 52. Ke5 Rb5+ 53. Kf4 Rb3 54. Ke5 Re3+ 55. Kf4 Rh3 56. Kg4 Rb3 57. Kf4 Rb4+ 58. Ke5 Rb5+ 59. Kf4 Rb3 60. Ke5 Kg6 61. Kxe6 Kxg5 62. Kd5 Kf4 63. Kc4 Rh3 64. Kb4 Re3 65. Rxa3 Rxa3 66. Kxa3 1/2-1/2


[Site "https://www.chess.com"]

[Event "Titled Tuesday Blitz March 01 Early 2022"]
[White "Sadhwani, Raunak"]
[Black "Asadli, Vugar"]
[WhiteFideId "35093487"]
[BlackFideId "13405764"]
[WhiteElo "2616"]
[BlackElo "2635"]
[Result "1-0"]
[Round "07"]
[TimeControl "180+1"]
[Date "2022.03.01"]
[WhiteClock "0:01:29"]
[BlackClock "0:01:26"]

1. d4 d6 2. e4 g6 3. Nc3 Bg7 4. Be3 a6 5. Qd2 b5 6. f3 Bb7 7. h4 h6 8. g3 Nd7 9. Bg2 Rc8 10. Nce2 c5 11. Nh3 cxd4 12. Bxd4 Bxd4 13. Nxd4 Ngf6 14. Nf2 Qb6 15. O-O-O Ne5 16. b3 h5 17. Kb1 O-O 18. g4 b4 19. gxh5 Nxh5 20. f4 Nc6 21. Nxc6 Rxc6 22. Bf3 Rfc8 23. Rc1 Rc5 24. Nd3 Rb5 25. f5 Ng3 26. fxg6 fxg6 27. Qh6 Nxh1 28. Qxg6+ Kh8 29. Rg1 Qe3 30. Qg7# 1-0


[Site "https://www.chess.com"]

[Event "Titled Tuesday Blitz March 01 Early 2022"]
[White "Samadov, Read"]
[Black "Ambartsumova, Karina"]
[WhiteFideId "13417444"]
[BlackFideId "4166299"]
[WhiteElo "2084"]
[BlackElo "2262"]
[Result "1-0"]
[Round "07"]
[TimeControl "180+1"]
[Date "2022.03.01"]
[WhiteClock "0:00:06"]
[BlackClock "0:00:02"]

1. d4 Nf6 2. c4 e6 3. Nf3 d5 4. g3 dxc4 5. Bg2 Nc6 6. O-O Rb8 7. Nc3 b5 8. Ne5 Nb4 9. a3 Na6 10. Nc6 Qd7 11. Nxb8 Nxb8 12. Bg5 Be7 13. e4 h6 14. Bxf6 Bxf6 15. e5 Be7 16. d5 O-O 17. dxe6 Qxe6 18. Nxb5 Qxe5 19. Re1 Qc5 20. Nc3 Bf6 21. Ne4 Qb6 22. Nxf6+ Qxf6 23. Qd2 Be6 24. Rac1 Nd7 25. Bd5 Ne5 26. Qc3 Bxd5 27. Rxe5 c6 28. Rce1 Qg6 29. Re8 Rxe8 30. Rxe8+ Kh7 31. Re1 Qf5 32. Qe3 Qc2 33. Qe2 Qf5 34. Rc1 h5 35. Qe3 Qh3 36. f3 Qf5 37. Rf1 Qc2 38. Qf2 Qf5 39. Qxa7 h4 40. Qd4 hxg3 41. hxg3 Qc2 42. Qf2 Qd3 43. a4 c3 44. bxc3 Qxc3 45. Kg2 Qa3 46. Qd4 Qa2+ 47. Rf2 Qa3 48. g4 Qb3 49. a5 Qa3 50. Qb6 f6 51. a6 c5 52. a7 c4 53. Qd8 Bc6 54. Kg3 c3 55. Rh2+ Kg6 56. Qd3+ Kf7 57. Qc4+ Kg6 58. Qxc6 Qxa7 59. Qe8+ Kg5 60. Qh5# 1-0


[Site "https://www.chess.com"]

[Event "Titled Tuesday Blitz March 01 Early 2022"]
[White "Samarth, J Rao"]
[Black "Roberson, Peter T"]
[WhiteFideId "46652370"]
[BlackFideId "412384"]
[WhiteElo "1514"]
[BlackElo "2346"]
[Result "0-1"]
[Round "07"]
[TimeControl "180+1"]
[Date "2022.03.01"]
[WhiteClock "0:01:52"]
[BlackClock "0:01:47"]

1. d4 e6 2. c4 Nf6 3. Nc3 c5 4. e3 a6 5. Nf3 d5 6. cxd5 exd5 7. Bd3 Nc6 8. O-O Be7 9. Ne5 cxd4 10. Nxc6 bxc6 11. exd4 O-O 12. Bf4 c5 13. dxc5 Bxc5 14. Rc1 Ba7 15. Bg5 h6 16. Bxf6 Qxf6 17. Nxd5 Qxb2 18. Qf3 Be6 19. Qe4 g6 20. Nc7 Rac8 21. Nxe6 Rxc1 22. Nxf8 Qxf2+ 0-1


[Site "https://www.chess.com"]

[Event "Titled Tuesday Blitz March 01 Early 2022"]
[White "Samunenkov, Ihor"]
[Black "Shvedova, Alexandra"]
[WhiteFideId "14187086"]
[BlackFideId "54154782"]
[WhiteElo "2406"]
[BlackElo "1920"]
[Result "1-0"]
[Round "07"]
[TimeControl "180+1"]
[Date "2022.03.01"]
[WhiteClock "0:00:01"]
[BlackClock "0:00:11"]

1. d4 Nf6 2. c4 e6 3. Nc3 Bb4 4. e3 O-O 5. Bd2 c6 6. Nf3 d5 7. Rc1 Nbd7 8. Bd3 b6 9. O-O Bb7 10. cxd5 cxd5 11. Nb5 Bxd2 12. Qxd2 Ne4 13. Qe2 Ba6 14. Rc6 Bxb5 15. Bxb5 Rc8 16. Rfc1 Rxc6 17. Rxc6 Qb8 18. Ba6 Qd8 19. Qc2 Nb8 20. Rc8 Qd6 21. Bd3 f5 22. Ne5 Nc5 23. Rxf8+ Kxf8 24. Bxf5 exf5 25. Qxf5+ Ke7 26. dxc5 Qxc5 27. g3 Qc1+ 28. Kg2 Qxb2 29. Qf7+ Kd6 30. Qf8+ Kc7 31. Qxg7+ Kc8 32. Qg8+ Kb7 33. Qxd5+ Kc7 34. Nc4 Qxa2 35. Qd6+ Kb7 36. Qd5+ Ka6 37. Nxb6 Qxd5+ 38. Nxd5 Kb5 39. Kf3 Kc5 40. Ke4 a5 41. f4 a4 42. Nc3 Kb4 43. Nxa4 Kxa4 44. Kd5 Kb5 45. e4 Nc6 46. e5 Ne7+ 47. Ke6 Ng6 48. f5 Nf8+ 49. Ke7 Kc6 50. Kxf8 Kd5 51. e6 Ke5 52. g4 h5 53. h3 hxg4 54. hxg4 Kf6 55. e7 Kg5 56. e8=Q Kh6 57. f6 Kh7 58. f7 Kh8 59. Ke7+ Kh7 60. Qg8+ Kh6 61. f8=Q# 1-0


[Site "https://www.chess.com"]

[Event "Titled Tuesday Blitz March 01 Early 2022"]
[White "Santos Flores, Alberto"]
[Black "Gormally, Daniel W"]
[WhiteFideId "3601234"]
[BlackFideId "406465"]
[WhiteElo "2293"]
[BlackElo "2543"]
[Result "1-0"]
[Round "07"]
[TimeControl "180+1"]
[Date "2022.03.01"]
[WhiteClock "0:00:14"]
[BlackClock "0:00:22"]

1. e4 Nc6 2. Nf3 d6 3. d4 Nf6 4. Nc3 Bg4 5. Be2 e6 6. Be3 Be7 7. Qd2 O-O 8. O-O-O d5 9. e5 Ne4 10. Nxe4 dxe4 11. Ne1 Bxe2 12. Qxe2 f6 13. f4 Nb4 14. a3 Nd5 15. c4 Nxe3 16. Qxe3 f5 17. Nc2 c6 18. h3 b5 19. d5 cxd5 20. cxd5 exd5 21. Nd4 Qb6 22. Kb1 Rac8 23. g4 Bc5 24. gxf5 Rxf5 25. Qb3 Bxd4 26. Qxd5+ Kh8 27. Rxd4 Rxf4 28. Rxe4 Qg6 29. Re1 h6 30. Ka1 Rxe4 31. Qxe4 Qe6 32. Qd4 Re8 33. h4 a5 34. h5 b4 35. a4 Qb3 36. Qd7 Qe6 37. Qxe6 Rxe6 38. Ka2 g6 39. hxg6 Kg7 40. Kb3 Kxg6 41. Kc4 Kf5 42. Kd5 Re8 43. Rf1+ Kg6 44. e6 h5 45. Kd6 Rd8+ 46. Kc7 Rd2 47. e7 Rc2+ 48. Kd8 Rd2+ 49. Ke8 Rxb2 50. Kf8 Re2 51. e8=Q+ Rxe8+ 52. Kxe8 h4 53. Kd7 Kg5 54. Kc6 h3 55. Kb5 b3 56. Kxa5 Kg4 57. Kb4 b2 58. Kc3 Kg3 59. Kxb2 Kg2 60. Rc1 1-0


[Site "https://www.chess.com"]

[Event "Titled Tuesday Blitz March 01 Early 2022"]
[White "Sargsyan, Anna M."]
[Black "Murzin, Volodar"]
[WhiteFideId "13308130"]
[BlackFideId "44155573"]
[WhiteElo "2271"]
[BlackElo "2585"]
[Result "0-1"]
[Round "07"]
[TimeControl "180+1"]
[Date "2022.03.01"]
[WhiteClock "0:00:07"]
[BlackClock "0:00:08"]

1. d4 d5 2. c4 c6 3. cxd5 cxd5 4. Bf4 e6 5. Nc3 Bd6 6. Bxd6 Qxd6 7. e3 Ne7 8. f4 Nbc6 9. Nf3 f6 10. Bd3 Bd7 11. O-O O-O 12. Rc1 Be8 13. Kh1 Rc8 14. a3 Bg6 15. Na4 Bxd3 16. Qxd3 b6 17. Rc3 Na5 18. Rfc1 Qd7 19. Qa6 Nc4 20. Re1 Rc6 21. b3 Nd6 22. Rec1 Rxc3 23. Rxc3 Nef5 24. Qd3 Nb5 25. Rc1 Nxa3 26. e4 dxe4 27. Qxe4 Nb5 28. Rd1 Qd5 29. Qd3 Rc8 30. Kg1 h5 31. h3 Rc6 32. Re1 Nbxd4 33. Nxd4 Qxd4+ 34. Qxd4 Nxd4 35. Re3 Kf7 36. Kh2 a6 37. Nb2 b5 38. Nd3 Nf5 39. Rf3 Ke7 40. g4 Nd4 41. Re3 hxg4 42. hxg4 Rc3 43. b4 Nc2 44. Rg3 Kd6 45. g5 fxg5 46. fxg5 e5 47. Nf2 Rxg3 48. Kxg3 Nxb4 49. Kg4 Ke6 50. Kh5 Kf5 51. Ng4 Nd5 52. Nf2 Nf4+ 53. Kh4 a5 54. Nd1 b4 55. Ne3+ Ke4 56. Nc4 a4 57. Nb6 a3 58. Na4 a2 59. Nc5+ Kf5 60. Nb3 e4 0-1


[Site "https://www.chess.com"]

[Event "Titled Tuesday Blitz March 01 Early 2022"]
[White "Sarkar, Justin"]
[Black "Mirzanurov, Bulat"]
[WhiteFideId "2010011"]
[BlackFideId "4184521"]
[WhiteElo "2038"]
[BlackElo "2116"]
[Result "1/2-1/2"]
[Round "07"]
[TimeControl "180+1"]
[Date "2022.03.01"]
[WhiteClock "0:00:04"]
[BlackClock "0:00:17"]

1. d4 d5 2. c4 dxc4 3. Nf3 Nf6 4. e3 e6 5. Bxc4 a6 6. O-O c5 7. e4 cxd4 8. e5 Nd5 9. Qxd4 Nc6 10. Qe4 Be7 11. Rd1 O-O 12. Bxd5 exd5 13. Rxd5 Qc7 14. Nc3 Be6 15. Rd1 Rfd8 16. Bf4 Qb6 17. Rxd8+ Rxd8 18. Rb1 g6 19. Qe2 Bf5 20. Rd1 Rxd1+ 21. Nxd1 Nd4 22. Nxd4 Qxd4 23. Qd2 Qc4 24. b3 Qc6 25. h3 b5 26. Ne3 Be6 27. Bh6 Qc5 28. Ng4 Bxg4 29. hxg4 Qxe5 30. Qd7 Bf8 31. Qc8 Qc5 32. Qxf8+ Qxf8 33. Bxf8 Kxf8 34. f4 Ke7 35. Kf2 Kd6 36. Ke3 Kd5 37. a3 a5 38. Kd3 f6 39. g5 f5 40. g3 b4 41. a4 Kc5 42. Ke3 Kd5 43. Kd3 Kc5 44. Ke3 Kd5 45. Kd3 1/2-1/2


[Site "https://www.chess.com"]

[Event "Titled Tuesday Blitz March 01 Early 2022"]
[White "Savchenko, Boris"]
[Black "Vokhidov, Shamsiddin"]
[WhiteFideId "4147332"]
[BlackFideId "14204223"]
[WhiteElo "2512"]
[BlackElo "2611"]
[Result "1-0"]
[Round "07"]
[TimeControl "180+1"]
[Date "2022.03.01"]
[WhiteClock "0:00:47"]
[BlackClock "0:00:44"]

1. e4 c5 2. Nf3 e6 3. d4 cxd4 4. Nxd4 Nf6 5. Nc3 Nc6 6. Nxc6 bxc6 7. e5 Nd5 8. Ne4 Qc7 9. f4 Qb6 10. c4 Bb4+ 11. Ke2 f5 12. exf6 Nxf6 13. Nd6+ Bxd6 14. Qxd6 Ne4 15. Qe5 d5 16. Qxg7 Rf8 17. Be3 c5 18. Qe5 Ba6 19. Kf3 O-O-O 20. cxd5 exd5 21. b4 Bb7 22. bxc5 Qg6 23. c6 Qxc6 24. Rc1 Qxc1 25. Bxc1 Rde8 26. Qd4 Ng5+ 27. Kf2 Ne6 28. Qa4 d4 29. Ba6 1-0


[Site "https://www.chess.com"]

[Event "Titled Tuesday Blitz March 01 Early 2022"]
[White "Seo, Jung Min"]
[Black "Aldokhin, Ivan"]
[WhiteFideId "1734687"]
[BlackFideId "24115720"]
[WhiteElo "2401"]
[BlackElo "2231"]
[Result "1-0"]
[Round "07"]
[TimeControl "180+1"]
[Date "2022.03.01"]
[WhiteClock "0:01:14"]
[BlackClock "0:00:13"]

1. d4 Nf6 2. c4 g6 3. Nf3 Bg7 4. g3 d6 5. Bg2 O-O 6. O-O Nc6 7. Nc3 Bf5 8. d5 Na5 9. Nd4 Bd7 10. b3 c5 11. dxc6 Nxc6 12. Bb2 Re8 13. e3 h5 14. h3 Qc8 15. Kh2 h4 16. g4 Ne5 17. f3 Qc5 18. Qe2 a6 19. Kh1 Rac8 20. f4 Nc6 21. Rad1 Nxd4 22. exd4 Qc7 23. f5 b5 24. fxg6 fxg6 25. cxb5 axb5 26. Nxb5 Qc2 27. Rd2 Bxb5 28. Rxc2 Bxe2 29. Rxe2 e6 30. Ref2 Nd7 31. Be4 Nf8 32. Kg2 d5 33. Bd3 Ra8 34. a3 e5 35. dxe5 Bxe5 36. Rxf8+ Rxf8 37. Rxf8+ Kxf8 38. Bxe5 Kf7 39. a4 Ke6 40. Bd4 Rb8 41. Bb5 Rc8 42. a5 Rc2+ 43. Kf3 Ra2 44. a6 Rh2 45. a7 Rxh3+ 46. Kg2 Rg3+ 47. Kf2 Rxb3 48. a8=Q Rxb5 49. Qc6+ 1-0


[Site "https://www.chess.com"]

[Event "Titled Tuesday Blitz March 01 Early 2022"]
[White "Shafigullina, Zarina"]
[Black "Tymrakiewicz, Rafal"]
[WhiteFideId "24174220"]
[BlackFideId "1108832"]
[WhiteElo "2062"]
[BlackElo "2205"]
[Result "1-0"]
[Round "07"]
[TimeControl "180+1"]
[Date "2022.03.01"]
[WhiteClock "0:00:13"]
[BlackClock "0:00:01"]

1. d4 Nf6 2. Nf3 g6 3. g3 Bg7 4. Bg2 O-O 5. O-O d6 6. c4 Nc6 7. Nc3 Bg4 8. h3 Bxf3 9. Bxf3 Nd7 10. e3 e5 11. d5 Ne7 12. Bg2 f5 13. Ne2 a5 14. e4 fxe4 15. Bxe4 Nf6 16. Bg2 Qd7 17. f4 Nh5 18. Rb1 Rf7 19. g4 Nxf4 20. Bxf4 exf4 21. Nxf4 b6 22. Ne6 Rxf1+ 23. Qxf1 Be5 24. Qf3 Nc6 25. Rf1 Qe7 26. dxc6 Qxe6 27. Qd5 Qxd5 28. Bxd5+ Kh8 29. Rf7 Rc8 30. Be6 Re8 31. Bd5 Rc8 32. b3 Bd4+ 33. Kg2 b5 34. cxb5 Bb6 35. h4 Re8 36. h5 Re5 37. h6 Re8 38. Kg3 Rd8 39. Be6 Re8 40. Bd7 Re3+ 41. Kh4 Kg8 42. Rg7+ Kh8 43. Kg5 Bd4 44. Rf7 Kg8 45. Rf1 Re5+ 46. Kf4 Be3+ 47. Kf3 Bxh6 48. b6 Rb5 49. bxc7 1-0


[Site "https://www.chess.com"]

[Event "Titled Tuesday Blitz March 01 Early 2022"]
[White "Shtyka, Sergey"]
[Black "Petrova, Irina"]
[WhiteFideId "4138465"]
[BlackFideId "14124122"]
[WhiteElo "2014"]
[BlackElo "1988"]
[Result "1-0"]
[Round "07"]
[TimeControl "180+1"]
[Date "2022.03.01"]
[WhiteClock "0:00:08"]
[BlackClock "0:00:32"]

1. e4 d6 2. d4 Nf6 3. Nc3 e5 4. dxe5 dxe5 5. Qxd8+ Kxd8 6. Bc4 Ke8 7. Nb5 Na6 8. f4 Nxe4 9. fxe5 c6 10. Nd4 Bb4+ 11. Ke2 Bg4+ 12. Ngf3 Rd8 13. Bxa6 Rxd4 14. Bxb7 Bc5 15. Be3 Rc4 16. Bxc6+ Ke7 17. Bd5 Rxc2+ 18. Kd3 Rxg2 19. Bxe4 Bxe3 20. Kxe3 Rxb2 21. Rhb1 Rhb8 22. Rxb2 Rxb2 23. Rb1 Rxa2 24. Rb7+ Ke6 25. Ng5+ Kxe5 26. Nxf7+ Kf6 27. Nd6 Ra3+ 28. Kf4 Be6 29. Ne8# 1-0


[Site "https://www.chess.com"]

[Event "Titled Tuesday Blitz March 01 Early 2022"]
[White "Shubenkova, Veronika"]
[Black "Van den Dikkenberg, Erik"]
[WhiteFideId "44124040"]
[BlackFideId "1005880"]
[WhiteElo "1938"]
[BlackElo "2118"]
[Result "1-0"]
[Round "07"]
[TimeControl "180+1"]
[Date "2022.03.01"]
[WhiteClock "0:01:44"]
[BlackClock "0:00:26"]

1. e4 c5 2. Nc3 g6 3. g3 Bg7 4. Bg2 d6 5. f4 Nf6 6. d3 O-O 7. Nf3 Bg4 8. O-O Nc6 9. Ne2 Rb8 10. h3 Bxf3 11. Bxf3 Nd7 12. c3 b5 13. Bd2 Qb6 14. Kh2 a5 15. Qc2 b4 16. c4 Nd4 17. Nxd4 Bxd4 18. Rab1 e5 19. f5 f6 20. Bh6 Rf7 21. fxg6 hxg6 22. Bg4 Kh7 23. Qd2 Qd8 24. Be6 Re7 25. Bxd7 Rxd7 26. h4 Rf7 27. Bg5 Qe7 28. Bh6 Rg8 29. Rf3 g5 30. hxg5 fxg5 31. Bxg5 Rxg5 32. Rxf7+ Qxf7 33. Qxg5 Qf2+ 34. Kh3 Be3 35. Qf5+ Qxf5+ 36. exf5 Kg7 37. Kg4 Kf6 38. Rh1 Bd4 39. Rh6+ Kg7 40. Rxd6 Bxb2 41. f6+ Kf7 42. Kf5 a4 43. Rd7+ Ke8 44. Ke6 e4 45. f7+ Kf8 46. Rd8+ Kg7 47. f8=Q+ Kh7 48. Qf7+ Kh6 49. Qf4+ Kh7 50. Qxe4+ Kh6 51. Rg8 b3 52. Qg6# 1-0


[Site "https://www.chess.com"]

[Event "Titled Tuesday Blitz March 01 Early 2022"]
[White "Shukhman, Anna"]
[Black "Bodnaruk, Anastasia"]
[WhiteFideId "54180058"]
[BlackFideId "4181751"]
[WhiteElo "1628"]
[BlackElo "2393"]
[Result "0-1"]
[Round "07"]
[TimeControl "180+1"]
[Date "2022.03.01"]
[WhiteClock "0:00:08"]
[BlackClock "0:00:07"]

1. e4 c5 2. Nf3 d6 3. d4 cxd4 4. Nxd4 Nf6 5. Nc3 a6 6. Qd3 Nc6 7. Bg5 e6 8. O-O-O Be7 9. f3 Bd7 10. h4 Qc7 11. g4 Ne5 12. Qe2 b5 13. Bxf6 gxf6 14. f4 Nc4 15. f5 Rc8 16. fxe6 fxe6 17. Rh3 b4 18. Nb1 a5 19. g5 fxg5 20. Qh5+ Kd8 21. Nd2 Nxd2 22. Rxd2 Qc5 23. Rg3 gxh4 24. Qxc5 Rxc5 25. Rg7 Bg5 26. Bh3 Re5 27. Rxg5 Rxg5 28. Nxe6+ Bxe6 29. Rxd6+ Kc7 30. Rxe6 Rg3 31. Re7+ Kd6 32. Rd7+ Kc5 33. Be6 Rf8 34. Kd2 Rf2+ 35. Ke1 Rh2 36. Kf1 h3 37. Rxh7 Rf3+ 38. Ke1 Re3+ 39. Kd1 Rg3 40. Rh5+ Kd6 41. Rd5+ Kxe6 42. Kc1 Rg1+ 43. Rd1 Rxd1+ 44. Kxd1 Rg2 45. Ke1 h2 46. Kf1 h1=Q# 0-1


[Site "https://www.chess.com"]

[Event "Titled Tuesday Blitz March 01 Early 2022"]
[White "Sikorova, Olga"]
[Black "Dias, Joao Batista"]
[WhiteFideId "307033"]
[BlackFideId "2108240"]
[WhiteElo "2187"]
[BlackElo "1898"]
[Result "1-0"]
[Round "07"]
[TimeControl "180+1"]
[Date "2022.03.01"]
[WhiteClock "0:02:26"]
[BlackClock "0:01:59"]

1. c4 c5 2. g3 Nf6 3. Bg2 Nc6 4. Nc3 g6 5. d3 Bg7 6. e4 O-O 7. Nge2 d6 8. O-O Bg4 9. f3 Bd7 10. h3 e5 11. f4 Qc8 12. Kh2 Nh5 13. f5 Nf6 14. g4 Nd4 15. Nxd4 cxd4 16. Nd5 Nxd5 17. cxd5 f6 18. fxg6 hxg6 19. Bd2 Kf7 20. Rc1 Qd8 21. g5 f5 22. exf5 Bxf5 23. Be4 Kg8 24. Bxf5 Rxf5 25. Rxf5 gxf5 26. Qh5 f4 27. Qg6 Qe8 28. Qxd6 Qh5 29. Qe6+ Kh8 30. Qg4 Qxg4 31. hxg4 Re8 32. Kg2 e4 33. dxe4 Rxe4 34. Kf3 Re5 35. g6 Rxd5 36. Rc8+ 1-0


[Site "https://www.chess.com"]

[Event "Titled Tuesday Blitz March 01 Early 2022"]
[White "Silva, Mariana Sofia T."]
[Black "Iskusnyh, Sergei"]
[WhiteFideId "1911899"]
[BlackFideId "4120027"]
[WhiteElo "1825"]
[BlackElo "2492"]
[Result "0-1"]
[Round "07"]
[TimeControl "180+1"]
[Date "2022.03.01"]
[WhiteClock "0:00:04"]
[BlackClock "0:00:11"]

1. Nf3 d5 2. g3 Nf6 3. b3 g6 4. Bb2 Bg7 5. Bg2 c5 6. c4 d4 7. b4 O-O 8. d3 Re8 9. O-O e5 10. bxc5 Na6 11. c6 bxc6 12. Nbd2 Nc5 13. Ng5 Qc7 14. Ba3 Bf8 15. Qc1 Bf5 16. Rb1 Rab8 17. Ngf3 Na4 18. Bxf8 Rxf8 19. Rb3 Nd7 20. Re1 Ndc5 21. Rxb8 Rxb8 22. Nh4 Bd7 23. Ne4 Nxe4 24. Bxe4 Nc3 25. Bg2 Qa5 26. Qh6 Rb2 27. Bf3 Qc5 28. Ng2 Qf8 29. Qg5 f6 30. Qh4 Kg7 0-1


[Site "https://www.chess.com"]